 Dungeon Crawl Stone Soup version 0.31-a0-983-g7b6862f502 (webtiles) character file.

Game seed: 18067841480650708801

1962 thriggle the Slasher (level 9, -5/68 HPs)
             Began as a Barachi Reaver on Nov 2, 2023.
             Was a Believer of Zin.
             Slain by a vampire (11 damage)
             ... on level 5 of the Dungeon.
             The game lasted 00:23:54 (5352 turns).

thriggle the Slasher (Barachi Reaver)               Turns: 5352, Time: 00:23:55

Health: -5/68      AC: 13    Str: 21    XL:     9   Next: 19%
Magic:  7/15       EV: 12    Int: 14    God:    Zin [**....]
Gold:   243        SH:  0    Dex: 13    Spells: 10/16 levels left

rFire   . . .        l - +0 long sword
rCold   . . .        (no shield)
rNeg    . . .        m - +4 ring mail
rPois   .            (no helmet)
rElec   .            p - +2 cloak
rCorr   .            (no gloves)
SInv    .            (no boots)
Will    +....        (no amulet)
Stlth   +            t - +6 ring of strength
HPRegen 0.31/turn    (no ring)
MPRegen 0.14/turn

%: no passive effects
@: enlightened, flying, slow
A: amphibious, slowness 1, strong legs 1, +LOS
a: Hop, Renounce Religion, Recite, Vitalisation, Donate Gold


You were on level 5 of the Dungeon.
You worshipped Zin.
Zin was pleased with you.
You visited 1 branch of the dungeon, and saw 6 of its levels.

You collected 269 gold pieces.
You donated 26 gold pieces to Zin.

Inventory:

Hand Weapons
 l - a +0 long sword (weapon)
Missiles
 c - 33 stones (quivered)
 k - a throwing net
 q - 2 poisoned darts
 s - 5 javelins
Armour
 b - a +0 leather armour
 m - a +4 ring mail (worn)
 p - a +2 cloak (worn)
 u - a +0 robe of positive energy
Magical Staves
 r - a staff of earth
Jewellery
 h - a ring of flight
 t - a +6 ring of strength (left hand)
Scrolls
 a - a scroll of silence
 d - a scroll of immolation
 e - 4 scrolls of teleportation
Potions
 f - a potion of invisibility
 j - a potion of mutation {unknown}
 n - a potion of might {unknown}
 v - a potion of curing {unknown}
 w - a potion of brilliance {unknown}


   Skills:
 + Level 5.5 Fighting
 + Level 5.9 Long Blades
 - Level 1.3 Throwing
 + Level 4.3 Armour
 + Level 4.9 Dodging
 - Level 1.5 Stealth
 + Level 4.4 Spellcasting
 + Level 5.5 Conjurations
 + Level 3.3 Earth Magic
 + Level 2.5 Invocations
 + Level 3.2 Evocations


You had 10 spell levels left.
You knew the following spells:

 Your Spells              Type           Power      Damage    Failure   Level
b - Stone Arrow           Conj/Erth      30%        3d8       14%         3
c - Momentum Strike       Conj/Tloc      20%        3d8       14%         2
d - Sandblast             Erth           24%        2d8       8%          1

Your spell library contained the following spells:

 Spells                   Type           Power      Damage    Failure   Level
 Kiss of Death            Conj/Necr      40%        2d8       10%         1
 Passwall                 Tmut/Erth      5%         N/A       22%         2
 Hailstorm                Conj/Ice       10%        3d5       28%         3
 Brom's Barrelling Bould  Conj/Erth      15%        2d4       43%         4


Dungeon Overview and Level Annotations

Branches:
Dungeon (6/15)             Temple (0/1) D:5

Altars:
Makhleb
Trog
Xom
Yredelemnul
Zin
The Shining One


Innate Abilities, Weirdness & Mutations

You are amphibious.
You cover ground slowly.
You can hop short distances.
You have an extended range of vision and can be seen from far away.


Message History

The howler monkey closely misses you.
You feel sick.
You are no longer poisoned.
The howler monkey hoots and howls with incredible vigour!
The adder closely misses you.
You slash the adder!
The adder is almost dead.
The adder barely misses you. The adder bites you.
Something hits you but does no damage.
Deactivating autopickup; reactivate with Ctrl-A.
Something bites you.
Something draws strength from your injuries!
You feel very buoyant.
You fly up into the air.
Something hits you but does no damage. Something barely misses you.
Casting: Stone Arrow (dangerous; 14% risk of failure)
Confirm with . or Enter, or press ? or * to list all spells.
Aiming: Stone Arrow (dangerous; 14% risk of failure)
Press: ? - help, Shift-Dir - straight line The stone arrow hits something!
Something hits you. Something bites you but does no damage.
Casting: Stone Arrow (dangerous; 14% risk of failure)
Confirm with . or Enter, or press ? or * to list all spells.
Aiming: Stone Arrow (dangerous; 14% risk of failure)
Press: ? - help, Shift-Dir - straight line, f - adder
Aim: an adder (almost dead, 48% to hit)
The stone arrow hits something but does no damage.
Something hits you!
* * * LOW HITPOINT WARNING * * *
Something bites you!
* * * LOW HITPOINT WARNING * * *
Something draws strength from your injuries!
Casting: Stone Arrow (dangerous; 14% risk of failure)
Confirm with . or Enter, or press ? or * to list all spells.
Aiming: Momentum Strike (safe; 14% risk of failure)
Press: ? - help, Dir - move target, p - adder The momentum dissipates harmlessly.
Something hits you.
* * * LOW HITPOINT WARNING * * *
Something bites you!
You die...

##.##.# ......######
.#.#.......# .#.#######.#
.#.#.....#.# #######
.#.#.###.#.########.....####
....................>......#
.#.###########.####.†....#.#
.#..............@{S......#.#
.#############.###h......#.#
### #.####.# #.......#.# ..#
#<..†..# #.......#.#
..################.#.###.#.#
.................#.#.###.#.#
..##############.#.#.....#.#
### #.#.#.#####.####
#.#.......#....#


You could see a howler monkey and an adder.

Vanquished Creatures
  Pikel (D:5)
  A water moccasin (D:5)
  An ice beast (D:5)
  A black bear (D:5)
  4 ogres
  2 jellies
  3 scorpions
  3 hounds
  4 orc priests (D:5)
  4 iguanas (D:5)
  An orc wizard (D:5)
  10 adders
  10 gnolls
  4 worms
  12 orcs
  11 endoplasms
  3 giant cockroaches
  7 goblins
  5 hobgoblins
  4 jackals
  7 kobolds
  7 quokkas
  12 ball pythons
  10 bats
  6 frilled lizards
  6 rats
139 creatures vanquished.

Notes
Turn   | Place    | Note
-------+----------+-------------------------------------------
     0 | D:1      | thriggle the Barachi Reaver began the quest for the Orb.
     0 | D:1      | Reached XP level 1. HP: 17/17 MP: 3/3
    83 | D:1      | Reached XP level 2. HP: 19/21 MP: 3/5
   454 | D:1      | Reached XP level 3. HP: 28/28 MP: 6/6
   871 | D:2      | Reached skill level 1 in Armour
   871 | D:2      | Reached XP level 4. HP: 31/35 MP: 7/7
   875 | D:2      | Reached skill level 1 in Stealth
  1141 | D:2      | Learned a level 3 spell: Stone Arrow
  1168 | D:2      | Learned a level 2 spell: Momentum Strike
  1204 | D:2      | Reached skill level 1 in Throwing
  1216 | D:2      | Reached XP level 5. HP: 38/41 MP: 8/8
  1291 | D:2      | Found a bloodstained altar of Trog.
  2040 | D:3      | Reached XP level 6. HP: 45/47 MP: 10/10
  2676 | D:4      | Learned a level 1 spell: Sandblast
  2694 | D:4      | Reached skill level 1 in Earth Magic
  2722 | D:4      | Found a burning altar of Makhleb.
  2722 | D:4      | Found a basalt altar of Yredelemnul.
  2728 | D:4      | Found a glowing golden altar of the Shining One.
  2732 | D:4      | Found a shimmering altar of Xom.
  2734 | D:4      | Found a glowing silver altar of Zin.
  2741 | D:4      | Became a worshipper of Zin the Law-Giver
  2741 | D:4      | Reached * piety under Zin
  3177 | D:4      | Reached ** piety under Zin
  3194 | D:4      | Reached XP level 7. HP: 10/54 MP: 7/11
  3454 | D:4      | Reached skill level 1 in Evocations
  3977 | D:5      | Entered Level 5 of the Dungeon
  4023 | D:5      | Reached skill level 1 in Invocations
  4089 | D:5      | Found a staircase to the Ecumenical Temple.
  4308 | D:5      | Reached skill level 5 in Long Blades
  4388 | D:5      | HP: 1/55 [orc priest/divine providence (15)]
  4405 | D:5      | Reached XP level 8. HP: 19/61 MP: 11/13
  4753 | D:5      | Reached skill level 5 in Conjurations
  4836 | D:5      | Reached skill level 5 in Fighting
  4955 | D:5      | Noticed Pikel
  4970 | D:5      | Killed Pikel
  4971 | D:5      | Reached XP level 9. HP: 55/68 MP: 9/15
  5352 | D:5      | Slain by a vampire

Illustrated notes

Levels and vault maps discovered:
D:1:      lightli_arrival_isolated_outpost, layout_rooms,
          chequers_serial_rivers_small_a
D:2:      layout_basic, serial_corexii_hall, corexii_hall_statues_x,
          corexii_hall_statues_u, basic_altar, minmay_shallow_snake_nest
D:3:      layout_basic
D:4:      minmay_chambers_of_twos, layout_gridville,
          chequers_temple_overflow_minitemple, serial_bayou_lagoon_a
D:5:      layout_basic, minmay_temple_entry_purple_smoke,
          nicolae_ossuary_entry_ruins, uniq_pikel
D:6:      layout_cave_pools, minitemple

Skill      XL: |  1  2  3  4  5  6  7  8 |
---------------+-------------------------+-----
Fighting       | 3 4 5 |  5.5
Armour         | 1 2 3 4 |  4.3
Long Blades    | 4 5 |  5.9
Stealth        | 1 |  1.5
Throwing       | 1 |  1.3
Dodging        | 3 4 |  4.9
Conjurations   | 4 5 |  5.5
Earth Magic    | 1 2 3 |  3.3
Spellcasting   | 3 4 |  4.4
Evocations     | 1 3 |  3.2
Invocations    | 1 2 |  2.5

Action                     |  1- 3 |  4- 6 |  7- 9 || total
---------------------------+-------+-------+-------++-------
  Melee: Falchion          |    96 |       |       ||    96
         Long sword        |    44 |   291 |   182 ||   517
         Punch             |       |     2 |     1 ||     3
  Throw: Stone             |       |    16 |       ||    16
         Javelin           |       |     5 |       ||     5
         Throwing net      |       |       |     1 ||     1
   Cast: Kiss of Death     |     1 |       |       ||     1
         Momentum Strike   |       |     2 |     7 ||     9
         Sandblast         |       |     5 |     5 ||    10
         Stone Arrow       |       |       |     6 ||     6
 Invoke: Recite            |       |     2 |     5 ||     7
Ability: Hop               |       |     1 |       ||     1
    Use: Scroll            |       |     6 |     6 ||    12
         Potion            |       |     3 |     4 ||     7
   Stab: Sleeping          |       |     1 |       ||     1
         Invisible         |       |       |     4 ||     4
 Armour: Leather armour    |    55 |       |       ||    55
         Ring mail         |    38 |   258 |   153 ||   449
  Dodge: Dodged            |    91 |   253 |   153 ||   497

Table legend: (Time is in decaauts)
 A = Elapsed time spent in this place.
 B = Non-inter-level travel time spent in this place.
 C = Inter-level travel time spent in this place.
 D = Time resting spent in this place.
 E = Time spent auto-exploring this place.
 F = Levels seen in this place.
 G = Mean time per level.
                   A        B        C        D        E       F      G
               +--------+--------+--------+--------+--------+-----+--------+
         Total |   6133 |   5768 |    365 |    162 |   3585 |   6 | 1022.2 |
       Dungeon |   6133 |   5768 |    365 |    162 |   3585 |   6 | 1022.2 |
               +--------+--------+--------+--------+--------+-----+--------+

Top non-repeatable levels by time:
     D:4: 1640 daAuts
     D:5: 1495 daAuts
     D:3: 1132 daAuts
     D:2: 1019 daAuts
     D:1: 787 daAuts
     D:6: 57 daAuts
